 Dungeon Crawl Stone Soup version 0.29.1-1-gd02db6906a (webtiles) character file.

Game seed: 12302597703401155892

907 funnyparkerb the Magician (level 8, -2/58 HPs)
             Began as a Djinni Fire Elementalist on Oct 11, 2022.
             Slain by Duvessa
             ... wielding a +3 short sword
              (10 damage)
             ... on level 5 of the Dungeon.
             The game lasted 00:07:46 (4438 turns).

funnyparkerb the Magician (DjFE)                    Turns: 4438, Time: 00:07:46

Health: -2/58      AC:  7    Str:  7    XL:     8   Next: 29%
Gold:   168        EV: 12    Int: 19    God:
                   SH:  0    Dex: 14

rFire   + + .      SeeInvis +   y - +2 dire flail (drain)
rCold   x . .      Faith    .   (shield currently unavailable)
rNeg    . . .      Spirit   .   j - +0 robe
rPois   ∞          Reflect  .   (no helmet)
rElec   .          Harm     .   (no cloak)
rCorr   .          Rampage  .   m - +0 pair of gloves
Will    .....                   (boots unavailable)
Stlth   ++........              (no amulet)
HPRegen 0.19/turn               o - ring of see invisible
MPRegen 0.00/turn               w - +4 ring of protection

@: flying
A: sickness immunity, fire resistance 2, cold vulnerability 1, float, innate
caster, HP casting, extra vitality 1
a: no special abilities


You were on level 5 of the Dungeon.
You visited 1 branch of the dungeon, and saw 5 of its levels.

You collected 168 gold pieces.

Inventory:

Hand Weapons
 y - a +2 dire flail of draining (weapon)
Armour
 a - a +0 robe
 j - a +0 robe (worn)
 m - a +0 pair of gloves (worn)
 r - a +0 robe
Jewellery
 o - a ring of see invisible (left hand)
 w - a +4 ring of protection (right hand)
Wands
 s - a wand of flame (1)
 t - a wand of charming (4)
Scrolls
 b - 10 scrolls of identify {unknown}
 d - a scroll of blinking {unknown}
 e - 4 scrolls of enchant weapon {unknown}
 f - 2 scrolls of magic mapping {unknown}
 g - 2 scrolls of vulnerability {unknown}
 i - a scroll of poison {unknown}
 p - a scroll of noise {unknown}
 q - a scroll of immolation {unknown}
 x - a scroll of amnesia {unknown}
 z - a scroll of torment {unknown}
Potions
 c - a potion of curing
 h - a potion of lignification {unknown}
 k - a potion of degeneration {unknown}
 l - a potion of heal wounds
 n - a potion of haste {unknown}
 u - a potion of might {unknown}
 v - a potion of brilliance {unknown}


   Skills:
 + Level 4.9 Fighting
 - Level 2.1 Dodging
 - Level 1.5 Stealth
 * Level 6.1 Spellcasting


You had one spell level left.
You knew the following spells:

 Your Spells              Type           Power      Damage    Failure   Level
a - Foxfire               Conj/Fire      100%       2x1d9     1%          1
b - Scorch                Fire           58%        2d7       1%          2
c - Conjure Flame         Conj/Fire      29%        6-21      2%          3
d - Inner Flame           Hex/Fire       29%        N/A       2%          3
e - Flame Wave            Conj/Fire      29%        2d9       9%          4
f - Apportation           Tloc           58%        N/A       1%          1
g - Searing Ray           Conj           58%        2d6       1%          2
h - Call Imp              Summ           29%        N/A       1%          2
Your spell library was empty.

Dungeon Overview and Level Annotations

Branches:
Dungeon (5/15)
 Temple: D:4-7

Altars:
Elyvilon
Nemelex Xobeh

Shops:
D:4 *

Annotations:
D:5 Duvessa


Innate Abilities, Weirdness & Mutations

You are immune to sickness and miasma.
You are immune to poison.
Your flesh is very heat resistant. (rF++)
You are vulnerable to cold. (rC-)
You float through the air rather than walking.
You learn spells naturally, not from books.
Your magical power is your life essence.
You have superior vitality. (+4 MHP)


Message History

Flames lash Duvessa.
Duvessa is burned terribly!
Duvessa is moderately wounded.
Duvessa hits you with a +3 short sword! Duvessa hits you with a +3 short sword.
Okay, then.
Casting: Scorch (safe; 1% risk of failure)
Confirm with . or Enter, or press ? or * to list all spells.
Okay, then.
Unknown command.
Casting: Scorch (safe; 1% risk of failure)
Confirm with . or Enter, or press ? or * to list all spells.
A beastly little devil appears in a puff of frigid air.
Duvessa closely misses you.
You swap places.
Duvessa closely misses you.
Your white imp completely misses Duvessa.
Your white imp gestures at Duvessa.
The puff of frost hits Duvessa.
Duvessa hits your white imp with a +3 short sword! x2
Your white imp dies!
Your white imp disappears in a puff of smoke!
Casting: Call Imp (safe; 1% risk of failure)
Confirm with . or Enter, or press ? or * to list all spells.
Aiming: Apportation (safe; 1% risk of failure)
Press: ? - help, Dir - move target Apport: a cyan potion
Okay, then.
Unknown command.
Casting: Apportation (safe; 1% risk of failure)
Confirm with . or Enter, or press ? or * to list all spells.
Aiming: Searing Ray (safe; 1% risk of failure)
Press: ? - help, Shift-Dir - straight line, f - Duvessa
Aim: Duvessa, wielding a +3 short sword and wearing a +0 scale mail (moderately wounded, berserk, unaware, more vulnerable to fire, hasn't noticed you, 85% to hit)
The searing ray hits Duvessa!
Duvessa is heavily wounded. (Press . to maintain the ray.)
The searing ray hits Duvessa but does no damage.
Duvessa is heavily wounded.
Duvessa hits you with a +3 short sword!
* * * LOW HITPOINT WARNING * * *
Duvessa hits you with a +3 short sword!
You die...

##########...######
#.<...............#
#.########...####.#
#.#######.........
#.##........##.##.
######.##.####...#.##
#..........# ##...#
#.####.##.##
#..#####. #.####
###@....... #.#
#.e...####. #.#
####.###.# #.# #....#
.# ......#!.# .#
#.### ....) .#
..###..# #.. .... #..
=...


You could see Duvessa (berserk, combustible).

Vanquished Creatures
  Grinder (D:3)
  Sigmund (D:4)
  Edmund (D:4)
  A water moccasin (D:5)
  Dowan (D:5)
  A jelly (D:5)
  2 hounds (D:4)
  3 iguanas
  4 adders
  2 worms (D:3)
  A dart slug (D:4)
  8 orcs
  2 ball pythons (D:2)
  4 endoplasms
  4 giant cockroaches
  6 goblins
  9 hobgoblins
  3 jackals (D:3)
  3 kobolds
  2 quokkas
  5 bats
  5 frilled lizards
  3 rats
72 creatures vanquished.

Vanquished Creatures (others)
  267 foxfires
  2 plants (D:4)
269 creatures vanquished.

Grand Total: 341 creatures vanquished

Notes
Turn   | Place    | Note
-------+----------+-------------------------------------------
     0 | D:1      | funnyparkerb the Djinni Fire Elementalist began the quest
                  | for the Orb.
     0 | D:1      | funnyparkerb set off with the following spells memorised:
                  | Foxfire, Scorch, Conjure Flame, Inner Flame, Flame Wave.
     0 | D:1      | Reached XP level 1. HP: 15/15 MP: 0/0
   241 | D:1      | Reached XP level 2. HP: 20/22 MP: 0/0
   573 | D:1      | You are sucked into a shaft and drop 1 floor!
   641 | D:2      | Reached skill level 1 in Fighting
   641 | D:2      | Reached XP level 3. HP: 21/27 MP: 0/0
   641 | D:2      | Learned a level 1 spell: Apportation
   754 | D:2      | Reached skill level 3 in Spellcasting
  1588 | D:3      | Reached XP level 4. HP: 17/32 MP: 0/0
  2403 | D:3      | Noticed Grinder
  2416 | D:3      | Killed Grinder
  2417 | D:3      | Reached skill level 4 in Spellcasting
  2417 | D:3      | Reached XP level 5. HP: 26/40 MP: 0/0
  2417 | D:3      | Learned a level 2 spell: Searing Ray
  2417 | D:3      | Reached XP level 6. HP: 30/46 MP: 0/0
  2701 | D:3      | Found a sparkling altar of Nemelex Xobeh.
  2752 | D:4      | Found Uvixara's Assorted Antiques.
  2787 | D:4      | Found a white marble altar of Elyvilon.
  3578 | D:4      | Reached XP level 7. HP: 44/50 MP: 0/0
  3578 | D:4      | Learned a level 2 spell: Call Imp
  3742 | D:4      | Reached skill level 5 in Spellcasting
  3783 | D:4      | Noticed Sigmund
  3801 | D:4      | Killed Sigmund
  3858 | D:4      | Noticed Edmund
  3871 | D:4      | Killed Edmund
  4259 | D:5      | Entered Level 5 of the Dungeon
  4264 | D:5      | Noticed a water moccasin
  4272 | D:5      | Killed a water moccasin
  4273 | D:5      | Reached XP level 8. HP: 44/58 MP: 0/0
  4282 | D:5      | Reached skill level 6 in Spellcasting
  4415 | D:5      | Noticed Dowan
  4427 | D:5      | Noticed Duvessa
  4429 | D:5      | Killed Dowan
  4438 | D:5      | Slain by Duvessa

Illustrated notes

Levels and vault maps discovered:
D:1:      lightli_arrival_maybe_door_vault, layout_basic
D:2:      layout_basic
D:3:      layout_rooms, nemelex_dance_club_becter,
          wander_ebering_terrifying_dragon_lair, uniq_grinder
D:4:      layout_basic, elyvilon_altar_5, serial_shops,
          nicolae_shop_behind_doors, sigmund_edmund_badplayer
D:5:      layout_loops_ring, uniq_duvessa, uniq_ijyb

Skill      XL: |  1  2  3  4  5  6  7  8 |
---------------+-------------------------+-----
Fighting       | 1 3 4 |  4.9
Spellcasting   | 3 4 5 6 |  6.1
Dodging        | |  2.1
Stealth        | |  1.5

Action                   |  1- 3 |  4- 6 |  7- 9 || total
-------------------------+-------+-------+-------++-------
Melee: Dagger            |     9 |       |       ||     9
 Cast: Foxfire           |    60 |    93 |     7 ||   160
       Scorch            |     7 |    23 |    29 ||    59
       Conjure Flame     |       |     1 |     2 ||     3
       Call Imp          |       |       |     3 ||     3
       Searing Ray       |       |       |     2 ||     2
  Use: Potion            |       |       |     1 ||     1
Armor: Robe              |     2 |       |     1 ||     3
Dodge: Dodged            |     8 |     1 |     7 ||    16
